[Event "40th OBSenEM 2024"]
[Site "Berlin"]
[Date "2024.02.06"]
[Round "7.1"]
[White "Matitschka, Heinz"]
[Black "Heinig, Wolfram"]
[Result "1/2-1/2"]
[ECO "A54"]
[WhiteElo "1806"]
[BlackElo "2219"]
[Annotator "TA"]
[PlyCount "54"]
[EventDate "2024.02.06"]
[EventType "swiss"]
[EventCountry "GER"]
[SourceTitle "playchess.com"]
[Source "ChessBase"]
[SourceQuality "1"]
[TimeControl "40/5400+30:1800+30"]

1. d4 d6 2. c4 e5 3. e3 Nd7 4. Nc3 Ngf6 5. Nf3 Be7 6. Be2 O-O 7. Qc2 c6 8. b3 Re8 9. O-O a6 10. Rd1 Bf8 11. Bb2 e4 {[%emt 0:12:00] The position is equal.} 12. Ng5 Qe7 13. d5 (13. Nh3 $11) 13... c5 14. Re1 g6 15. Rad1 Bg7 16. a3 (16. Nh3 $11 {remains equal.}) 16... Nf8 $17 17. b4 b6 18. f3 exf3 19. Bxf3 N8d7 (19... Rb8 $17 20. Qb3 N8d7) 20. Nce4 (20. Ne6 $1 $11) 20... h6 $2 (20... Ne5 $17 {Hoping for ...Bf5.} 21. Nf2 Nfg4) 21. Ne6 $1 $14 {[%emt 0:07:01] [#] Nxg7 is the strong threat. White has more active pieces.} fxe6 (21... Bh8 $1 $14) 22. dxe6 $18 Nxe4 23. Bxe4 {[%emt 0:02:10][%cal Oe6d7] aiming for exd7!} Rb8 24. exd7 Bxd7 25. Bxg6 Rf8 26. Bxg7 ({White should try} 26. Bh7+ $18 Kh8 27. Bxg7+ Kxg7 28. Qg6+ Kh8 29. Qxd6 Qxh7 30. Qxd7) 26... Kxg7 $16 27. Bh5 Rf6 {[%emt 0:00:17] Inhibits Qg6+.   Weighted Error Value: White=0.29 (precise) /Black=0.39.  Mistake:       	White=4     	Black=3      Inaccurate:     	White=2     	Black=3      OK:         	White=2     	Black=5      Strong:       	White=1     	---} 1/2-1/2

[Event "40th OBSenEM 2024"]
[Site "Berlin"]
[Date "2024.02.06"]
[Round "7.2"]
[White "Postler, Reinhard"]
[Black "Niehaus, Frank"]
[Result "1/2-1/2"]
[ECO "B76"]
[WhiteElo "2196"]
[BlackElo "2123"]
[Annotator "TA"]
[PlyCount "111"]
[EventDate "2024.02.06"]
[EventType "swiss"]
[EventCountry "GER"]
[SourceTitle "playchess.com"]
[Source "ChessBase"]
[SourceQuality "1"]
[TimeControl "40/5400+30:1800+30"]

1. e4 c5 2. Nf3 d6 3. d4 cxd4 4. Nxd4 Nf6 5. Nc3 g6 6. f3 Bg7 7. Be3 O-O 8. Qd2 Nc6 9. O-O-O Bd7 10. g4 Rc8 11. Kb1 Ne5 12. Bh6 {[%emt 0:05:25] B76: Sicilian Dragon: Yugoslav Attack, 9 g4 and 9 0-0-0.} Bxh6 13. Qxh6 Rxc3 14. bxc3 Qc7 15. Qe3 Rc8 16. c4 $146 ({Predecessor:} 16. h3 a5 17. f4 Nc4 18. Bxc4 Qxc4 19. Rhe1 d5 20. e5 Ne4 21. Ne2 Bb5 22. Qb6 Qa4 23. Qxb7 Rc5 24. Rd4 Nxc3+ 25. Nxc3 Qxd4 {0-1 Theerapappisit,W (2271)-Myo,N (2425) ASEAN IM 3rd 2004 (8)}) 16... a6 17. Qc3 b5 18. Be2 Qb6 19. Ka1 Nxc4 (19... bxc4 20. Rb1 Qc5 21. Rhd1 $14) 20. Bxc4 Rxc4 21. Qd2 Bxg4 22. c3 {[%emt 0:00:00] [#]} (22. fxg4 $11 Nxe4 23. Qe3) 22... Bxf3 ({Black should play} 22... Bh3 $1 23. Rhe1 (23. Rc1 e5) 23... Qc7) 23. Nxf3 $17 Nxe4 (23... Rxe4 24. Rhe1 $16) 24. Qe1 Qa5 (24... Nxc3 $17 25. Rd2 Qc5) 25. Rc1 $11 Qa3 (25... Nxc3 $11 26. Rc2 b4) 26. Rc2 $14 e6 (26... Qa4 $14 27. Qe2 Nxc3 (27... Rxc3 28. Rhc1 $11)) 27. Nd2 $16 Nxd2 28. Qxd2 d5 29. Rf1 Qe7 30. Rf3 f5 31. Rd3 Qf6 32. Rd4 Rc5 33. Kb2 Kg7 34. Qd3 Qf7 (34... g5 $142 35. h4 g4) 35. Qe3 $18 Qf6 36. Re2 Rc6 37. h4 h6 38. a4 g5 39. hxg5 hxg5 40. axb5 axb5 41. Rg2 Kg6 42. Rh4 Rc4 43. Rh3 (43. Rxc4 $16 {Rc6 would kill now.} bxc4 44. Re2) 43... b4 $14 44. Qa7 Rh4 $1 (44... bxc3+ 45. Kc2 Qf8 46. Qh7+ (46. Rxc3 Qb4 $11) 46... Kf6 47. Rh6+ (47. Rxc3 Rxc3+ 48. Kxc3 Qa3+ 49. Kd4 Qb4+ 50. Ke3 Qe1+ 51. Re2 f4+ 52. Kd3 Qd1+ 53. Rd2 Qf3+ 54. Kc2 g4 $11) 47... Ke5 48. Re2+ (48. Rxg5 Qe8 $18) 48... Re4 49. Qc7+ (49. Rxe4+ dxe4 50. Rh3 Qc5 $11) 49... Qd6 50. Qxc3+ d4 51. Qa5+ Kf4 52. Qd2+ (52. Rxe4+ Kxe4 53. Kd1 Qc6 $16) 52... Ke5 53. Qa5+ (53. Rxe4+ Kxe4 54. Qg2+ Ke5 $18) 53... Kf4 54. Qd2+ (54. Rxe4+ Kxe4 55. Kd1 Qd7 $18) 54... Ke5 55. Rxe4+ Kxe4 56. Qg2+ (56. Qxg5 Qc6+ 57. Kd1 Qa4+ 58. Ke1 Qa1+ 59. Kf2 Qb2+ 60. Kg1 Qa1+ 61. Kh2 Qa6 $18) 56... Ke5 57. Qxg5 $18) 45. Rgg3 (45. Rxh4 $14 Qxc3+ 46. Ka2 b3+ 47. Kb1 Qe1+ 48. Kb2 Qxh4 49. Re2) 45... bxc3+ $11 46. Kb3 g4 47. Rxh4 Qxh4 48. Re3 Qf6 49. Qd7 Qd4 50. Rxe6+ Kg5 51. Qd6 Qc4+ 52. Kc2 (52. Ka3 $5 c2 $8 53. Rg6+ Kh5 54. Rh6+ Kg5 55. Rg6+ Kh5 56. Rh6+ Kg5 57. Rg6+ $11) 52... d4 53. Rg6+ Kh5 54. Rh6+ Kg5 55. Qg6+ $2 (55. Rg6+ $11 Kh5 56. Rh6+ Kg5 57. Rg6+) 55... Kf4 $19 56. Qd6+ 1/2-1/2

[Event "40th OBSenEM 2024"]
[Site "Berlin"]
[Date "2024.02.06"]
[Round "7.3"]
[White "Kreutzkamp, Hans-Rudolf"]
[Black "Schulz, Michael"]
[Result "1/2-1/2"]
[ECO "A43"]
[WhiteElo "2111"]
[BlackElo "2168"]
[Annotator "RC"]
[PlyCount "47"]
[EventDate "2024.02.06"]
[EventType "swiss"]
[EventCountry "GER"]
[SourceTitle "playchess.com"]
[Source "ChessBase"]
[SourceQuality "1"]
[TimeControl "40/5400+30:1800+30"]

1. e4 g6 2. d4 Bg7 3. c4 c5 4. d5 d6 5. h3 e5 6. Bd3 Nd7 7. Nc3 a6 8. Nge2 Ne7 9. f4 exf4 10. Bxf4 Ne5 11. Qd2 O-O 12. O-O Bd7 13. b3 b5 14. Rac1 Qa5 15. Ng3 Nc8 16. Be2 Nb6 17. cxb5 axb5 18. Rc2 c4 19. Bh6 b4 20. Bxg7 Kxg7 21. Qg5 bxc3 22. Nh5+ Kg8 23. Nf6+ Kg7 24. Nh5+ 1/2-1/2

[Event "40th OBSenEM 2024"]
[Site "Berlin"]
[Date "2024.02.06"]
[Round "7.4"]
[White "Federau, Juergen"]
[Black "Jurkatis, Hagen"]
[Result "1/2-1/2"]
[ECO "A85"]
[WhiteElo "2124"]
[BlackElo "1917"]
[Annotator "TA"]
[PlyCount "31"]
[EventDate "2024.02.06"]
[EventType "swiss"]
[EventCountry "GER"]
[SourceTitle "playchess.com"]
[Source "ChessBase"]
[SourceQuality "1"]
[TimeControl "40/5400+30:1800+30"]

1. d4 e6 2. c4 f5 3. Nc3 Nf6 4. Nf3 Bb4 5. Bd2 O-O 6. a3 Bxc3 7. Bxc3 Ne4 {[%emt 0:00:16] Repels b4} 8. Qc2 {[%emt 0:00:55] The position is equal.} Nxc3 9. Qxc3 d6 10. e3 Qf6 11. Bd3 (11. c5 $14) 11... Nd7 12. e4 ({White should play} 12. O-O $11) 12... e5 (12... Qg6 $1 $15 13. Nh4 Qh5 (13... Qg4 14. g3 $11)) 13. dxe5 (13. O-O $11 {remains equal.}) 13... Nxe5 $17 {[%emt 0:05:22] Black is better.} 14. O-O-O {[%emt 0:32:35] [#]} Nxd3+ ({But not} 14... fxe4 $6 15. Bxe4 Qf4+ 16. Qe3 $11) 15. Qxd3 fxe4 16. Qxe4 {[%emt 0:00:28] Weighted Error Value: White=0.41/Black=0.12 (very precise) .  Mistake:       	White=3     	Black=1      Inaccurate:     	---       	Black=1      OK:         	White=2     	Black=5} 1/2-1/2

[Event "40th OBSenEM 2024"]
[Site "Berlin"]
[Date "2024.02.07"]
[Round "8.2"]
[White "Niehaus, Frank"]
[Black "Kreutzkamp, Hans-Rudolf"]
[Result "1-0"]
[ECO "C32"]
[WhiteElo "2123"]
[BlackElo "2111"]
[Annotator "NA RC"]
[PlyCount "163"]
[EventDate "2024.02.06"]
[EventType "swiss"]
[EventCountry "GER"]
[SourceTitle "playchess.com"]
[Source "ChessBase"]
[SourceQuality "1"]
[TimeControl "40/5400+30:1800+30"]

1. e4 e5 2. f4 d5 3. exd5 e4 4. d3 Nf6 5. dxe4 Nxe4 6. Nf3 $1 Bc5 7. Qe2 Qe7 8. Be3 {[%emt 0:03:09] C32: Falkbeer Counter Gambit: 3 exd5 e4 4 d3 Nf6.} Bxe3 9. Qxe3 O-O 10. Nc3 {[%emt 0:03:06] was the old line (10.Nbd2).} Re8 11. O-O-O Nxc3 12. Qxc3 Qd6 $146 ({Predecessor:} 12... Bg4 13. Re1 Qd8 14. Rxe8+ Qxe8 15. Ne5 Bc8 16. Qxc7 Na6 17. Bxa6 bxa6 18. d6 Be6 19. Rd1 f6 20. d7 Qd8 21. Qc6 Bf7 22. Qxa8 Qxa8 23. d8=Q+ Qxd8 24. Rxd8+ {1-0 Ederer,K (1880)-Plastinin,A (881) OP-2021-0-05225}) 13. Rd4 Bf5 ({Better is} 13... Nd7) 14. Bd3 ({White should play} 14. Ne5) 14... Bxd3 15. Qxd3 ({Much worse is} 15. cxd3 $6 Nd7 $11) 15... Nd7 16. Rd1 a6 17. g3 b5 18. Ng5 Nf6 19. Ne4 Nxe4 20. Rxe4 Rxe4 21. Qxe4 a5 22. Qd3 ({White should play} 22. a4) 22... Rb8 23. Qc3 b4 24. Qe5 Rd8 25. Qxd6 Rxd6 26. c4 bxc3 27. bxc3 Kf8 28. c4 c6 29. dxc6 Rxc6 30. Rd4 Ke7 31. Kc2 Rb6 32. Rd5 a4 33. Ra5 Rb4 34. Kc3 Rb1 35. Rxa4 Rh1 36. Ra7+ Ke6 37. Ra6+ Ke7 38. a4 Rxh2 39. Ra5 $2 (39. a5 $18) 39... Rg2 40. Re5+ Kd6 41. Re3 Kc5 42. a5 Rg1 ({Better is} 42... f6) 43. Re5+ Kc6 44. Rg5 (44. Re7 $16) 44... g6 45. f5 $11 (45. Rb5 $1 $14) 45... gxf5 46. Rxf5 Rxg3+ 47. Kb4 Rg1 48. Rf6+ Kc7 49. Rxf7+ Kc6 50. Rf6+ Kc7 51. Rh6 Kb7 52. Rxh7+ Kc6 53. Rh6+ Kc7 54. Kb5 Rb1+ 55. Kc5 Rg1 56. Rh7+ Kb8 57. Kb5 Rb1+ 58. Kc6 Rg1 59. c5 Rg6+ 60. Kb5 Rg1 61. Kb6 Rb1+ 62. Kc6 Rg1 63. Rb7+ Kc8 64. Rd7 Rg6+ 65. Rd6 Rg1 66. Rh6 Kb8 67. Rh4 Rg6+ 68. Kb5 Rg1 69. a6 Rg2 70. Rh8+ Ka7 71. Rh7+ Kb8 72. Kb6 Rb2+ 73. Kc6 Rg2 74. Rh8+ Ka7 75. Rd8 Rg1 76. Kc7 Rh1 77. c6 Rh2 78. Kc8 Rh1 79. c7 Rh2 80. Kd7 Rh7+ 81. Kc8 Rg7 82. Rd6 1-0

[Event "40th OBSenEM 2024"]
[Site "Berlin"]
[Date "2024.02.07"]
[Round "8.3"]
[White "Federau, Juergen"]
[Black "Postler, Reinhard"]
[Result "0-1"]
[ECO "D60"]
[WhiteElo "2124"]
[BlackElo "2196"]
[Annotator "TA"]
[PlyCount "136"]
[EventDate "2024.02.06"]
[EventType "swiss"]
[EventCountry "GER"]
[SourceTitle "playchess.com"]
[Source "ChessBase"]
[SourceQuality "1"]
[TimeControl "40/5400+30:1800+30"]

1. d4 d5 2. c4 e6 3. Nc3 Nf6 4. Bg5 Be7 5. e3 O-O 6. Nf3 c6 7. Bd3 Nbd7 8. O-O dxc4 9. Bxc4 Nd5 {[%emt 0:01:32] 9...b5 might become the main line.} 10. Bxe7 Qxe7 11. Ne4 Rd8 {[%emt 0:14:39] D60: Queen's Gambit Declined: Classical: Unusual White 7th moves.} 12. Ng3 $146 ({Predecessor:} 12. a3 e5 13. Qc2 h6 14. Rae1 Kh8 15. Ng3 g6 16. Qb3 e4 17. Nd2 N7f6 18. Qc2 Re8 19. Ba2 {1-0 Krnak,V (1718)-Mach,M Prague Golden 65+ op 17th 2022 (1)}) 12... Nf8 13. Qe2 Nb6 14. Bb3 Bd7 15. Rac1 Be8 16. Rfd1 f6 17. Ne4 Bf7 18. Nc5 Rab8 19. h3 Nbd7 20. Ne4 Kh8 21. Rc3 Bg6 22. Ng3 c5 23. Rdc1 cxd4 24. Nxd4 (24. exd4 Nb6 $14) 24... Nb6 25. Qb5 Nd5 26. Bxd5 Rxd5 27. Qa4 a6 28. Rc7 Qd8 29. Qb3 Rd7 30. Qc3 (30. Nxe6 $2 Nxe6 31. Rxd7 Qxd7 $19) 30... Qe7 (30... e5 $11 31. Ndf5 Ne6 (31... Bxf5 32. Nxf5 Ne6 33. Rxd7 $14) 32. Rxd7 Qxd7) 31. Rxd7 $16 Qxd7 32. Qc7 Qd8 33. Qxd8 Rxd8 34. Rc7 (34. f4 $1 $14) 34... e5 $11 35. Ndf5 Rd7 36. Rxd7 Nxd7 37. Nd6 b6 38. Ngf5 Bxf5 39. Nxf5 Kg8 40. Nd6 Kf8 41. Kf1 g6 42. Ke2 Ke7 43. Nc4 b5 44. Nd2 Kd6 45. b4 f5 46. Kd3 e4+ 47. Kd4 Nb8 48. Nb3 Nc6+ 49. Kc3 Kd5 50. f4 (50. Nc5 $11 {might be stronger.}) 50... exf3 $15 51. gxf3 g5 52. Nd2 $2 (52. Nc5 $15) 52... h5 $19 53. e4+ $2 (53. Nf1) 53... Ke5 $19 54. exf5 Kxf5 55. a3 Kf4 56. Kd3 Ne5+ 57. Ke2 {[%emt 0:00:14] [#]} Kg3 $1 58. Ne4+ Kh4 (58... Kxh3 59. Nxg5+ Kg2 60. f4 $17) 59. Kf2 (59. Ke3 $142 Nc4+ (59... Kxh3 $2 60. Nxg5+ Kg3 61. Ke2 $19) 60. Kf2 Nxa3 61. Kg2) 59... Nd3+ $19 ({Worse is} 59... Kxh3 60. Nxg5+ Kh4 61. Ne6 $11) 60. Ke3 Nf4 61. Nc5 Kxh3 62. Nxa6 Kg2 63. Nc5 h4 64. Ne4 h3 65. Nf2 h2 66. a4 bxa4 67. b5 a3 68. b6 Nd5+ 0-1

[Event "40th OBSenEM 2024"]
[Site "Berlin"]
[Date "2024.02.07"]
[Round "8.4"]
[White "Syre, Christian"]
[Black "Jandke, Manfred"]
[Result "1-0"]
[ECO "A11"]
[WhiteElo "2111"]
[BlackElo "2035"]
[Annotator "NA RC"]
[PlyCount "89"]
[EventDate "2024.02.06"]
[EventType "swiss"]
[EventCountry "GER"]
[SourceTitle "playchess.com"]
[Source "ChessBase"]
[SourceQuality "1"]
[TimeControl "40/5400+30:1800+30"]

1. Nf3 d5 2. e3 c6 3. c4 Nf6 4. Nc3 e6 5. b3 Be7 6. Bb2 Nbd7 7. Qc2 a5 8. Be2 O-O 9. Rg1 dxc4 10. bxc4 {[%emt 0:00:07] [#]} a4 $1 11. Rb1 a3 (11... b5 $11 {is superior.}) 12. Ba1 Qc7 {[%emt 0:08:22] [#]} (12... b5 $1 $11 {remains equal.}) 13. g4 $1 e5 14. g5 Ne8 15. h4 (15. Ne4 $16) 15... f5 $1 16. gxf6 Ndxf6 17. Bd3 Ra5 $16 ({Black should try} 17... h6 $1 $14) 18. Ke2 Bg4 19. Rxg4 Nxg4 20. Bxh7+ Kh8 21. Rg1 Qd7 22. h5 e4 23. Nxe4 Rxh5 24. Bg6 Rh3 25. Bxe8 Qf5 26. Nd4 Qh7 27. Rxg4 Rxe8 28. Ng3 Bf6 29. Qxh7+ Kxh7 30. Bc3 Rh4 31. Rxh4+ Bxh4 32. Ngf5 Bf6 33. Nd6 Rb8 34. Ne4 Be7 35. c5 Kg6 36. f4 Kf7 37. Kd3 Rd8 38. Kc4 Rh8 39. Bb4 Rh5 40. Kb3 Ke8 41. Kxa3 Kd7 42. Kb3 b6 43. cxb6 c5 44. b7 Kc7 45. Bxc5 1-0

[Event "40th OBSenEM 2024"]
[Site "Berlin"]
[Date "2024.02.08"]
[Round "9.2"]
[White "Postler, Reinhard"]
[Black "Syre, Christian"]
[Result "1/2-1/2"]
[ECO "C88"]
[WhiteElo "2196"]
[BlackElo "2111"]
[Annotator "TA"]
[PlyCount "41"]
[EventDate "2024.02.06"]
[EventType "swiss"]
[EventCountry "GER"]
[SourceTitle "playchess.com"]
[Source "ChessBase"]
[SourceQuality "1"]
[TimeControl "40/5400+30:1800+30"]

1. e4 e5 2. Nf3 Nc6 3. Bb5 a6 4. Ba4 Nf6 5. O-O Be7 6. Re1 b5 7. Bb3 O-O 8. a4 Rb8 9. axb5 axb5 10. c3 d5 11. exd5 Nxd5 12. Nxe5 Nxe5 13. Rxe5 c6 14. d4 {[%emt 0:02:43] White is slightly better.} Bd6 {[%emt 0:00:21] [#]} 15. Re1 Qh4 16. g3 Qh3 17. Qf3 (17. Re4 $16) 17... Bg4 $132 {[%emt 0:00:30][%mdl 2048] Black has counterplay. The position is equal.} 18. Qg2 Qh5 {[%emt 0:01:14] [#] ...Rbe8 is the strong threat.} 19. Bxd5 cxd5 20. f4 {[%emt 0:00:58] White is weak on the light squares} (20. Qf1 $5) 20... Rfe8 {[%emt 0:00:57][%mdl 1024] Black has compensation.} 21. Be3 {[%emt 0:07:42] Weighted Error Value: White=0.16 (very precise) /Black=0.03 (flawless) .  Mistake:       	White=1     	---        OK:         	White=1     	Black=2      Best:        	White=1     	Black=1} 1/2-1/2

[Event "40th OBSenEM 2024"]
[Site "Berlin"]
[Date "2024.02.08"]
[Round "9.3"]
[White "Schulz, Michael"]
[Black "Pueschel, Werner"]
[Result "1-0"]
[ECO "A43"]
[WhiteElo "2168"]
[BlackElo "2040"]
[Annotator "TA"]
[PlyCount "67"]
[EventDate "2024.02.06"]
[EventType "swiss"]
[EventCountry "GER"]
[SourceTitle "playchess.com"]
[Source "ChessBase"]
[SourceQuality "1"]
[TimeControl "40/5400+30:1800+30"]

1. d4 c5 2. d5 Nf6 3. Nc3 d6 4. e4 g6 5. f4 Bg7 6. Bb5+ Nfd7 7. a4 O-O 8. Nf3 a6 9. Bc4 Nb6 {[%emt 0:00:50] White is slightly better.} 10. Be2 Bg4 11. O-O Bxf3 12. Rxf3 N8d7 13. a5 Nc8 14. Be3 {[%emt 0:10:04] Black is weak on the light squares} (14. f5 $16) 14... Qc7 ({Better is} 14... b5 $14) 15. Qe1 $18 Nf6 (15... Na7 $142 16. Rh3 Nb5) 16. Rh3 e6 (16... b5 $142 17. f5 b4) 17. Qh4 {[%emt 0:01:13][%cal Oe4e5] [#] e5! would now be deadly.} Re8 $2 (17... Ne7 {keeps fighting.} 18. g4 h6) 18. g4 {[%emt 0:05:10] aiming for g5.} h5 $2 (18... h6 {might work better.} 19. g5 Nh7 20. dxe6 (20. gxh6 Bxc3 21. bxc3 exd5 $16) 20... fxe6) 19. gxh5 gxh5 20. Kh1 Ne7 21. Bxh5 exd5 22. Rg1 {[%emt 0:00:34] Black must now prevent f5.} Kf8 {[%emt 0:03:54] [#]} 23. Rxg7 $1 Kxg7 24. Qg5+ Ng6 25. Bxg6 (25. Nxd5 Nxd5 26. f5 (26. exd5 Qe7 $11) (26. Qxd5 Qc6 $11) 26... Rh8 (26... Rxe4 $2 27. Bxg6 Rg8 28. Bh7+ Kf8 29. Qxg8+ $18) (26... Nxe3 27. f6+ Kg8 28. Bxg6 fxg6 29. Qxg6+ Kf8 30. Rh8#)) (25. exd5 Rh8 26. f5 Qe7 27. fxg6 Qe5 $11) 25... fxg6 26. f5 Ng8 27. Qxg6+ {[%emt 0:00:30] White mates.} Kf8 28. Rh7 Re7 29. Nxd5 Rxh7 30. Nxc7 Rxc7 31. Qxd6+ Re7 32. f6 Nxf6 33. Qxf6+ Rf7 34. Qh8+ {[%emt 0:00:05] Weighted Error Value: White=0.20 (precise) /Black=0.73.  Mistake:       	White=1     	Black=5      Inaccurate:     	White=1     	Black=4      OK:         	White=5     	Black=2      Best:        	White=1     	---} 1-0

[Event "40th OBSenEM 2024"]
[Site "Berlin"]
[Date "2024.02.08"]
[Round "9.4"]
[White "Kreutzkamp, Hans-Rudolf"]
[Black "Knops, Peter"]
[Result "1-0"]
[ECO "C01"]
[WhiteElo "2111"]
[BlackElo "1903"]
[Annotator "TA"]
[PlyCount "61"]
[EventDate "2024.02.06"]
[EventType "swiss"]
[EventCountry "GER"]
[SourceTitle "playchess.com"]
[Source "ChessBase"]
[SourceQuality "1"]
[TimeControl "40/5400+30:1800+30"]

1. e4 e6 2. d4 d5 3. exd5 exd5 4. Bd3 Nc6 5. c3 Bd6 6. h3 Nge7 7. Qc2 Be6 8. Nf3 Qd7 9. Nbd2 {[%emt 0:01:45][%cal Bb1d2,Bd2f1,Bf1e3][%mdl 32] The position is equal.} Bf5 10. Nf1 O-O-O 11. Ne3 Bxd3 12. Qxd3 Rde8 13. Bd2 f6 14. O-O-O Nd8 15. Rde1 c6 16. Re2 Nf7 17. Rhe1 Kd8 18. Nh4 Nh6 19. g4 g5 20. Nf3 Nf7 21. c4 Ng6 {[%emt 0:08:45] [#] White must now prevent ...Nf4.} 22. Nf5 (22. cxd5 $2 Nf4 23. Qb3 Nxe2+ 24. Rxe2 h5 $17) 22... Bf4 23. c5 Bxd2+ 24. Qxd2 {[%emt 0:00:43] And now Qa5+ would win.} Rxe2 25. Rxe2 Qc7 {[%emt 0:05:08][%mdl 8192] Repels Qa5. A mistake that costs the game.} (25... Kc8 $11 {and Black has nothing to worry.}) 26. Re6 $18 Nf4 (26... Qf4 $142) 27. Rxf6 {[%emt 0:04:22] Strongly threatening Nd6.} (27. Re7 Qxe7 28. Nxe7 Kxe7 $18) 27... Re8 28. Nd6 Re7 {[%emt 0:01:05] [#]} (28... Nxd6 29. cxd6 Qb6) 29. Nxg5 $1 {[%emt 0:09:38][%mdl 512] White is clearly winning.} Re1+ (29... Nxg5 30. Rf8+) 30. Qxe1 Nd3+ 31. Kd1 {[%emt 0:00:18] Weighted Error Value: White=0.08 (flawless) /Black=0.43.  Loses game:     	---       	Black=1      Mistake:       	---       	Black=2      Inaccurate:     	White=2     	Black=4      OK:         	White=6     	Black=8      Best:        	White=3     	---} 1-0